Map: Altitude LE

Players

SCHeRoKun - Winner!

  • Race: Protoss Protoss
  • League: Gold
  • Spawn Location: 7:00

winzboy

  • Race: Protoss Protoss
  • Spawn Location: 1:00

VOD

Have the link to the VOD?

Description

Time

  • Played on: May 22, 2023, 12:48 a.m.
  • Length: 4:54
Show
View Real Time Build Order
Export as new Build Order

SCHeRoKun Protoss - Winner!

Build Orders:  

Get SALT Encoding   

  12  0:01  Probe  
  13  0:13  Probe  
  14  0:21  Pylon  
  14  0:25  Probe  
  15  0:39  Probe  
  15  0:41  Gateway  
  16  0:51  Probe  
  16  0:55  Assimilator  
  17  0:57  Assimilator  
  17  1:02  Assimilator  
  17  1:32  Assimilator  
  17  1:37  Pylon  
  17  1:39  Probe (Chrono Boost)  
  18  1:49  Cybernetics Core  
  18  1:50  Probe (Chrono Boost)  
  19  1:55  Probe (Chrono Boost), Gateway  
  20  2:06  Probe  
  21  2:09  Gateway  
  21  2:18  Probe (Chrono Boost)  
  22  2:26  Warp Gate (Chrono Boost)  
  22  2:29  Probe (Chrono Boost), Stalker  
  25  2:34  Probe (Chrono Boost)  
  26  2:44  Probe  
  26  2:46  Shield Battery  
  26  2:48  Adept  
  29  2:57  Probe  
  30  3:03  Pylon  
  30  3:09  Probe  
  31  3:17  Pylon  
  31  3:21  Probe, Stalker x2  
  36  3:28  Stalker  
  36  3:33  Probe  
  39  3:45  Probe  
  40  3:56  Gateway  
  40  3:59  Pylon  
  40  4:24  Nexus  
  40  4:28  Pylon  
  40  4:51  Stalker x3  
Show
View Real Time Build Order
Export as new Build Order

winzboy Protoss 

Build Orders: 1 Gate Expand 

Get SALT Encoding   

  12  0:10  Probe  
  13  0:23  Probe (Chrono Boost)  
  13  0:26  Pylon  
  14  0:34  Probe (Chrono Boost)  
  15  0:48  Gateway  
  15  0:54  Probe  
  16  1:06  Probe  
  18  1:18  Probe  
  18  1:30  Probe  
  19  1:35  Nexus  
  19  1:39  Assimilator  
  19  1:42  Probe  
  20  1:54  Cybernetics Core  
  20  1:55  Pylon  
  20  1:58  Probe  
  20  2:00  Assimilator  
  21  2:10  Probe  
  22  2:23  Probe  
  23  2:35  Probe  
  24  2:43  Zealot  
  26  2:47  Probe  
  27  3:00  Nexus  
  27  3:06  Pylon  
  27  3:40  Zealot  
  29  3:44  Probe  
  30  3:56  Probe  
  31  4:07  Zealot  
  31  4:08  Probe  
  32  4:27  Probe (Chrono Boost)  
  32  4:33  Probe (Chrono Boost)  
  32  4:37  Probe (Chrono Boost)  
  33  4:41  Probe (Chrono Boost)  
Tags
 
League
Gold
Matchup
PvP
Replay Pack
Multiplayer
Spawn Locations
Cross Positions
Add a new tag
Caveats
  • Supply blocks, unpowered buildings, or Contaminate may cause inaccurate times.
  • Supply counts are checked every 10 seconds.